 Dungeon Crawl Stone Soup version 0.21-a0-513-gdcb3f5e (webtiles) character file.

30 theanonym the Cudgeler (level 3, -4/37 HPs)
             Began as an Ogre Gladiator on Dec 1, 2017.
             Slain by Sigmund
             ... wielding a +0 scythe
              (9 damage)
             ... on level 2 of the Dungeon.
             The game lasted 00:01:45 (1450 turns).

theanonym the Cudgeler (Ogre Gladiator)             Turns: 1450, Time: 00:01:46

Health: -4/37      AC:  3    Str: 19    XL:     3   Next: 20%
Magic:  3/3        EV: 16    Int:  9    God:
Gold:   42         SH:  0    Dex: 15    Spells: 2/2 levels left

rFire    . . .     SeeInvis .   a - +0 flail
rCold    . . .     Gourm    .   (no shield)
rNeg     . . .     Faith    .   b - +0 robe
rPois    .         Spirit   .   c - +0 hat
rElec    .         Reflect  .   (no cloak)
rCorr    .         Harm     .   (gloves unavailable)
MR       .....                  (boots unavailable)
Stlth    ++........             (no amulet)
HPRegen  0.12/turn              (no ring)
MPRegen  0.08/turn              (no ring)

@: confused, agile
A: large, unfitting armour, tough skin 1
a: no special abilities


Innate Abilities, Weirdness & Mutations

You are too large for most types of armour.
You have tough skin. (AC +1)


   Skills:
 + Level 3.5 Fighting
 * Level 3.5 Maces & Flails
 - Level 2.0 Throwing
 - Level 2.6 Dodging


You had 2 spell levels left.
You didn't know any spells.

Skill      XL: |  1 |
---------------+----+-----
Fighting       | 3 |  3.5
Maces & Flails | 3 |  3.5
Throwing       | |  2.0
Dodging        | |  2.6

Action                   || total
-------------------------++-------
Melee: Flail             ||    60
Throw: Throwing net      ||     3
  Use: Potion            ||     3
       Scroll            ||     1
  Eat: Chunk             ||     2
Armor: Robe              ||    21
Dodge: Dodged            ||    51

Inventory:

Hand Weapons
 a - a +0 flail (weapon)
Armour
 b - a +0 robe (worn)
 c - a +0 hat (worn)
Scrolls
 g - a scroll of teleportation {unknown}
 j - a scroll of amnesia
Comestibles
 f - 2 bread rations
 h - 7 chunks of flesh
 i - 2 royal jellies

Dungeon Overview and Level Annotations

Branches:
Dungeon (2/15)

Altars:
Makhleb
Trog
The Shining One

Annotations:
D:2 Sigmund


You were on level 2 of the Dungeon.
You were not hungry.

You visited 1 branch of the dungeon, and saw 2 of its levels.

You collected 42 gold pieces.


Message History

Some of the chunks of flesh in your inventory have rotted away.
Eating one of 8 chunks of flesh.
You eat one of the 8 chunks of flesh.
Found 25 stones.
Found 27 sling bullets.
You see here 27 sling bullets.
Found a bloodstained altar of Trog.
Found a stone staircase leading down.
No target in view!
No target in view!
No target in view!
No target in view!
No target in view!
Sigmund the Dreaded comes into view.
He is wielding a scythe.
Sigmund shouts!
Sigmund casts a spell at you. The puff of flame misses you.
Unknown command.
You see here 27 sling bullets.
It was a potion of curing.
You feel better.
w - a potion of curing
Aim: Sigmund, wielding a scythe and wearing a robe You throw a throwing net.
The throwing net hits Sigmund.
Sigmund is caught in the net!
Sigmund drinks a potion.
Sigmund seems to speed up.
Sigmund struggles against the net.
Sigmund struggles against the net.
Sigmund struggles against the net.
Found a burning altar of Makhleb and a glowing golden altar of the Shining One.
Sigmund struggles against the net. x2
A rat comes into view.
You hit Sigmund.
Sigmund struggles against the net.
The net rips apart, and Sigmund comes free!
Sigmund closely misses you.
Aim: Sigmund, wielding a scythe and wearing a robe (lightly wounded, fast)
You throw a throwing net.
The throwing net closely misses Sigmund.
Sigmund closely misses you.
You barely miss Sigmund. Sigmund closely misses you.
You aren't carrying any items that you can evoke.
Unknown command.
It was a potion of agility.
You feel agile all of a sudden. Sigmund hits you with a scythe!
You take 11 damage, and have 26/37 hp.
MASSIVE DAMAGE!!
You closely miss Sigmund. Sigmund gestures at you while chanting.
The magic dart hits you!
You take 4 damage, and have 22/37 hp.
You barely miss Sigmund. Sigmund gestures at you while chanting.
The puff of flame hits you!
* * * LOW HITPOINT WARNING * * *
Sigmund barely misses you. The rat closely misses you.
You take 6 damage, and have 16/37 hp.
You closely miss Sigmund. Sigmund closely misses you.
The rat closely misses you.
You completely miss Sigmund. Sigmund barely misses you. The rat misses you.
You closely miss Sigmund. Sigmund completely misses you.
The rat closely misses you. Sigmund hits you with a scythe.
* * * LOW HITPOINT WARNING * * *
You take 4 damage, and have 12/37 hp.
You sock Sigmund!
The rat twitches its whiskers.
The rat completely misses you. Sigmund casts a spell at you.
The magic dart hits you!
* * * LOW HITPOINT WARNING * * *
The rat bites you.
* * * LOW HITPOINT WARNING * * *
You take 9 damage, and have 3/37 hp.
MASSIVE DAMAGE!!
As you read the scroll labeled SILAOSKANYWN, it crumbles to dust.
It is a scroll of amnesia.
You feel forgetful for a moment. Sigmund closely misses you.
The rat completely misses you.
Unknown command.
Okay, then.
You feel better. Sigmund barely misses you. The rat closely misses you.
You regained 7 hp, and now have 10/37 hp.
Aim: Sigmund, wielding a scythe and wearing a robe (moderately wounded, fast)
You throw a throwing net.
The throwing net closely misses Sigmund.
Sigmund closely misses you.
You closely miss Sigmund.
The rat twitches its whiskers.
The rat barely misses you.
Sigmund says, "You will soon forget everything."
Sigmund hits you but does no damage. The rat barely misses you.
You closely miss Sigmund. Sigmund casts a spell at you.
You are confused.
Sigmund barely misses you. The rat closely misses you.
You aren't carrying any potions.
Unknown command.
You're too confused!
Unknown command.
Sigmund hits you with a scythe.
* * * LOW HITPOINT WARNING * * *
You take 6 damage, and have 5/37 hp.
Sigmund hits you from afar with a scythe!
You die...

#.......#.##
###.#####.# .
#.#####.# ##.
######.......# ...#
#......#######
._... #.####.#
.....# #.# #.#
......####.# #.# #
.⌠.._..@.#(# .....
.........#.###..(##
(..$..@r..........#
._.......#.......##
...#.....######.##
.# ###.### # #. #.
#.


You could see Sigmund and a rat.

Notes
Turn   | Place    | Note
-------+----------+-------------------------------------------
     0 | D:1      | theanonym the Ogre Gladiator began the quest for the Orb.
     0 | D:1      | Reached XP level 1. HP: 22/22 MP: 1/1
    11 | D:1      | HP: 10/22 [hobgoblin/club (6)]
    16 | D:1      | HP: 3/22 [hobgoblin/club (3)]
   634 | D:1      | HP: 11/22 [goblin/club (4)]
   639 | D:1      | Reached skill level 3 in Fighting
   639 | D:1      | Reached skill level 3 in Maces & Flails
   874 | D:1      | Reached XP level 2. HP: 29/31 MP: 2/2
   962 | D:1      | HP: 15/31 [goblin (1)]
  1139 | D:1      | Reached XP level 3. HP: 37/37 MP: 3/3
  1423 | D:2      | Found a bloodstained altar of Trog.
  1425 | D:2      | Noticed Sigmund
  1432 | D:2      | Found a burning altar of Makhleb.
  1432 | D:2      | Found a glowing golden altar of the Shining One.
  1439 | D:2      | HP: 16/37 [Sigmund/puff of flame (7)]
  1443 | D:2      | HP: 5/37 [Sigmund/magic dart (7)]
  1449 | D:2      | HP: 5/37 [Sigmund/scythe (6)]
  1450 | D:2      | Slain by Sigmund

Vanquished Creatures
  A gnoll (D:1)
  A leopard gecko (D:1)
  2 bats (D:1)
  4 goblins
  5 hobgoblins
  2 frilled lizards (D:1)
  2 kobolds (D:1)
17 creatures vanquished.
